 Dungeon Crawl Stone Soup version 0.28-a0-657-g71136c5590 (webtiles) character file.

Game seed: 13713069869734785196

4 cheechan the Sneak (level 1, -6/19 HPs)
             Began as a Barachi Delver on Oct 13, 2021.
             Mangled by an orc priest (11 damage)
             ... on level 3 of the Dungeon.
             The game lasted 00:00:37 (136 turns).

cheechan the Sneak (Barachi Delver)                  Turns: 136, Time: 00:00:38

Health: -6/19      AC:  3    Str: 13    XL:     1   Next: 60%
Magic:  1/1        EV: 12    Int: 10    God:
Gold:   0          SH:  0    Dex: 13    Spells: 0/0 levels left

rFire   . . .      SeeInvis .   a - +0 falchion
rCold   . . .      Faith    .   (no shield)
rNeg    . . .      Spirit   .   b - +0 leather armour
rPois   .          Reflect  .   (no helmet)
rElec   .          Harm     .   (no cloak)
rCorr   .          Rampage  .   (no gloves)
Will    .....                   (no boots)
Stlth   ++........              (no amulet)
HPRegen 0.06/turn               (no ring)
MPRegen 0.07/turn               (no ring)

@: slow
A: amphibious, slowness 1, strong legs 1, +LOS
a: Hop


You were on level 3 of the Dungeon.
You visited 1 branch of the dungeon, and saw 3 of its levels.

Inventory:

Hand Weapons
 a - a +0 falchion (weapon)
 i - a +0 short sword
Armour
 b - a +0 leather armour (worn)
Wands
 g - a wand of digging (3)
Scrolls
 c - a scroll of fog
 d - a scroll of magic mapping
 e - a scroll of fear
Potions
 f - a potion of haste
 h - a potion of might {unknown}


   Skills:
 + Level 3.6 Fighting
 + Level 2.4 Long Blades
 + Level 2.2 Dodging
 + Level 4.7 Stealth


You couldn't memorise any spells.
You didn't know any spells.
Your spell library was empty.

Dungeon Overview and Level Annotations

Branches:
Dungeon (5/15)
 Temple: D:4-7

Altars:


Innate Abilities, Weirdness & Mutations

You are amphibious.
You cover ground slowly.
You can hop short distances.
You have an extended range of vision and can be seen from far away.


Message History

A quokka, a centaur and a phantom come into view.
The centaur shouts!
The centaur wields a +0 shortbow.
The centaur shoots an arrow.
The arrow closely misses you.
The quokka twitches its whiskers.
You hit the quokka but do no damage. The quokka closely misses you.
The quokka barely misses you. The quokka barely misses you.
The quokka barely misses you. The quokka bites you. The quokka bites you.
Found an escape hatch in the ceiling.
The quokka bites you. The quokka bites you.
An orc comes into view. It is wielding a +0 flail.
The orc moves out of view.
Found a scroll labelled LEUFUZ VOJI.
An orc priest comes into view. It is wielding a +2 war axe of flaming.
The orc shouts!
The quokka bites you.
A jackal comes into view.
The quokka closely misses you.
An orc priest comes into view. It is wielding a +0 falchion.
There is an escape hatch in the ceiling here.
The centaur unwields a +0 shortbow.
The centaur hits you.
* * * LOW HITPOINT WARNING * * *
The centaur kicks you but does no damage.
The quokka bites you but does no damage.
The orc misses you. The orc priest closely misses you. The centaur hits you.
* * * LOW HITPOINT WARNING * * *
The centaur kicks you but does no damage.
A mysterious force pulls you upwards. The hatch slams shut behind you.
You slash the orc!
You kill the orc!
The ball python hisses angrily.
The quokka barely misses you.
The orc priest looks encouraged for a moment.
The quokka barely misses you.
The orc priest hits you with a +2 war axe of flaming!
Ouch! That really hurt!
You die...

#.#####
#.S.cr#
#o# #@#
#.# #.#
#.# #.#
#.# #.#
#.# ..#


You could see a centaur, an orc priest and a quokka.

Vanquished Creatures
  An orc (D:3)
  A giant cockroach (D:4)
  A kobold (D:4)
3 creatures vanquished.

Notes
Turn   | Place    | Note
-------+----------+-------------------------------------------
     0 | D:5      | cheechan the Barachi Delver began the quest for the Orb.
     0 | D:5      | Reached XP level 1. HP: 18/18 MP: 1/1
   110 | D:4      | Noticed a centaur
   110 | D:4      | Noticed a phantom
   128 | D:4      | Noticed an orc priest
   132 | D:4      | Noticed an orc priest
   136 | D:3      | Mangled by an orc priest

Illustrated notes

Levels and vault maps discovered:
D:3:      cheibrodos_fertilizer, layout_loops_ring
D:4:      layout_basic, mainiacjoe_overflow_paths, temple_doors_e,
          nzn_random_ring
D:5:      layout_loops_ring

Action                   || total
-------------------------++-------
Melee: Falchion          ||     8
 Stab: Sleeping          ||     1
Armor: Leather armour    ||     4
Dodge: Dodged            ||    12

Table legend: (Time is in decaauts)
 A = Elapsed time spent in this place.
 B = Non-inter-level travel time spent in this place.
 C = Inter-level travel time spent in this place.
 D = Time resting spent in this place.
 E = Time spent auto-exploring this place.
 F = Levels seen in this place.
 G = Mean time per level.
                   A        B        C        D        E       F      G
               +--------+--------+--------+--------+--------+-----+--------+
         Total |    150 |    150 |      0 |     55 |      0 |   3 |   50.0 |
       Dungeon |    150 |    150 |      0 |     55 |      0 |   3 |   50.0 |
               +--------+--------+--------+--------+--------+-----+--------+

Top non-repeatable levels by time:
     D:4: 113 daAuts
     D:5: 34 daAuts
     D:3: 1 daAuts
